 Dungeon Crawl Stone Soup version 0.29.0 (webtiles) character file.

Game seed: 12017552617849361384

7111 smazza the Geomancer (level 11, -2/62 HPs)
             Began as a Gargoyle Earth Elementalist on Sept 15, 2022.
             Was a Priest of Vehumet.
             Slain by a freezing wraith (7 damage)
             ... on level 6 of the Dungeon.
             The game lasted 00:41:51 (9263 turns).

smazza the Geomancer (Gargoyle Earth Elementalist)  Turns: 9263, Time: 00:41:51

Health: -2/62      AC: 17    Str: 12    XL:     11   Next: 10%
Magic:  20/20      EV: 13    Int: 20    God:    Vehumet [***...]
Gold:   349        SH:  0    Dex: 17    Spells: 10/22 levels left

rFire   . . .      SeeInvis +   z - +1 whip (flame)
rCold   . . .      Faith    .   (no shield)
rNeg    + . .      Spirit   .   u - +1 robe of Relativism {rPois Dex+4}
rPois   ∞          Reflect  .   t - +0 helmet
rElec   +          Harm     .   (no cloak)
rCorr   .          Rampage  .   F - +0 pair of gloves {Dex+3}
Will    .....                   (no boots)
Stlth   +++.......              m - amulet of magic regeneration
HPRegen 0.20/turn               B - ring of see invisible
MPRegen 0.57/turn               n - +4 ring of protection

@: about to teleport, slowed, studying Ice Magic, very slow
A: sickness immunity, AC +8, negative energy resistance 1, electricity
resistance, torment resistance 1, petrification resistance
a: Renounce Religion


You were on level 6 of the Dungeon.
You worshipped Vehumet.
Vehumet was most pleased with you.
You visited 2 branches of the dungeon, and saw 8 of its levels.
You also visited: Sewer.

You collected 407 gold pieces.
You spent 58 gold pieces at shops.

Inventory:

Hand Weapons
 i - a +1 club of protection
 s - a +2 dagger of flaming
 z - a +1 whip of flaming (weapon)
Missiles
 v - 19 poisoned darts
 D - a throwing net
Armour
 t - a +0 helmet (worn)
 u - the +1 robe of Relativism (worn) {rPois Dex+4}
   (You found it on level 3 of the Dungeon)

   Dex:       It affects your dexterity (+4).
   rPois:     It protects you from poison.
 F - a +0 pair of gloves of dexterity (worn)
Magical Staves
 c - a staff of cold
Jewellery
 m - an amulet of magic regeneration (around neck)
 n - a +4 ring of protection (right hand)
 p - a +4 ring of evasion
 w - a ring of ice
 B - a ring of see invisible (left hand)
 E - the ring "Orusufu" {Str+2 Int+6}
   (You took it off a wight on level 7 of the Dungeon)

   [ring of intelligence]

   Str:       It affects your strength (+2).
   Int:       It affects your intelligence (+6).
 G - a +4 ring of evasion
Wands
 f - a wand of polymorph (2)
 y - a wand of flame (15)
Scrolls
 j - a scroll of teleportation
 k - 3 scrolls of identify
 l - 3 scrolls of fear
 o - 2 scrolls of vulnerability
 r - a scroll of enchant armour
 A - 3 scrolls of fog
 C - a scroll of magic mapping
Potions
 a - 6 potions of curing
 b - 2 potions of magic
 d - a potion of flight
 g - a potion of brilliance
 h - 2 potions of might
 q - 2 potions of cancellation
 x - a potion of invisibility {unknown}


   Skills:
 + Level 4.7 Fighting
 * Level 6.2 Maces & Flails
 + Level 3.7 Dodging
 + Level 5.0 Stealth
 - Level 6.0 Spellcasting
 - Level 7.0 Conjurations
 * Level 5.7 Transmutations
 - Level 10.0 Earth Magic


You had 10 spell levels left.
You knew the following spells:

 Your Spells              Type           Power      Damage    Failure   Level
a - Sandblast             Erth           92%        2d19      1%          1
b - Stone Arrow           Conj/Erth      80%        3d12      1%          3
c - Passwall              Tmut/Erth      30%        N/A       1%          2
d - Petrify               Tmut/Erth      37%        N/A       4%          4
e - Searing Ray           Conj           68%        2d6       1%          2

Your spell library contained the following spells:

 Spells                   Type           Power      Damage    Failure   Level
 Inner Flame              Hex/Fire       6%         N/A       9%          3
 Cause Fear               Hex            3%         N/A       71%         4
 Discord                  Hex            3%         N/A       100%        8


Dungeon Overview and Level Annotations

Branches:
Dungeon (7/15)             Temple (1/1) D:4           Sewer (visited)

Altars:
Cheibriados
Dithmenos
Elyvilon
Fedhas
Gozag
Hepliaklqana
Kikubaaqudgha
Makhleb
Nemelex Xobeh
Okawaru
Qazlal
Ru
Sif Muna
Uskayaw
Vehumet
Yredelemnul
Zin
The Shining One

Shops:
D:4 *   D:5 (


Innate Abilities, Weirdness & Mutations

You are immune to sickness and miasma.
Your stone body is resilient. (AC +8)
You are immune to poison.
You resist negative energy. (rN+)
You are resistant to electric shocks. (rElec)
You are resistant to unholy torment.
You are immune to petrification.


Message History

The freezing wraith attacks as you move away!
The freezing wraith closely misses you. The freezing wraith barely misses you.
The freezing wraith completely misses you.
The freezing wraith barely misses you.
The freezing wraith closely misses you. x2
The freezing wraith attacks as you move away!
The freezing wraith hits you but does no damage.
The freezing wraith hits you! The freezing wraith drains your vigour!
You feel as though you will be slow longer.
The freezing wraith attacks as you move away!
The freezing wraith closely misses you.
The freezing wraith hits you but does no damage. x2
The freezing wraith hits you. The freezing wraith drains your vigour!
You feel as though you will be slow longer.
Okay, then.
The freezing wraith hits you!
* * * LOW HITPOINT WARNING * * *
The freezing wraith freezes you!
* * * LOW HITPOINT WARNING * * *
The freezing wraith hits you but does no damage.
There is a stone staircase leading up here.
The freezing wraith hits you but does no damage. x2
You climb upwards.
There is a stone staircase leading down here.
You can't see any enemies this would affect, really read the scroll of fear?
Okay, then.
Okay, then.
You feel much better.
The freezing wraith hits you but does no damage. x2
The freezing wraith hits you. The freezing wraith freezes you!!
* * * LOW HITPOINT WARNING * * *
The freezing wraith hits you but does no damage.
As you read the scroll of teleportation, it crumbles to dust.
You feel strangely unstable. The freezing wraith barely misses you.
The freezing wraith closely misses you.
The freezing wraith attacks as you move away!
The freezing wraith hits you but does no damage.
The freezing wraith barely misses you. The freezing wraith closely misses you.
The freezing wraith hits you!
You die...

.#.# #.#...#.#..####.#)# #....
.#.# #.#...[.......#.#.# #....
.#.# #.#........##.#.#.# #....
.#.# #.#..>......#.#.#.# #....
.#.# #.#......##.#.#.#.# #....
.#.# #.#....#....#...#.# #....
##.#####.#...#######..##.# #....
#....................##.# #####
########.#.###..@.....##.########
.........#.....>W.....#....)....)
#########.............#........).
......................'..........
#########.....#########..........
.......##.....# ###########
...###.##.....# ...# #.##.....#
###### ...# #.##.....# #....#


You could see a freezing wraith.

Vanquished Creatures
  2 two-headed ogres (D:7)
  Pikel (D:6)
  2 manticores (D:7)
  A cyclops (D:7)
  An unseen horror (D:7)
  A hornet (D:7)
  Sigmund (D:4)
  A yak (D:7)
  2 steam dragons (D:7)
  Menkaure (D:4)
  4 water moccasins
  Pargi (Sewer)
  A black bear (D:7)
  2 orc warriors
  2 ice beasts (D:4)
  2 ogres
  A lemure (D:6)
  2 centaurs
  A phantom (D:7)
  2 kobold brigands (D:7)
  3 scorpions
  3 gnoll sergeants
  6 wights (D:7)
  5 hounds
  5 orc priests
  A gnoll bouda (D:7)
  2 jellies
  6 iguanas
  7 orc wizards
  17 gnolls
  9 adders
  2 river rats (D:5)
  3 white imps
  An ufetubus (D:6)
  A worm (D:5)
  10 dart slugs
  29 orcs
  11 ball pythons
  5 bats
  4 endoplasms
  2 giant cockroaches
  11 goblins
  3 hobgoblins
  3 jackals (D:1)
  6 kobolds
  6 quokkas
  11 frilled lizards
  5 rats
208 creatures vanquished.

Vanquished Creatures (others)
  An orc wizard (D:7)
1 creature vanquished.

Grand Total: 209 creatures vanquished

Notes
Turn   | Place    | Note
-------+----------+-------------------------------------------
     0 | D:1      | smazza the Gargoyle Earth Elementalist began the quest for
                  | the Orb.
     0 | D:1      | Reached XP level 1. HP: 10/10 MP: 3/3
   203 | D:1      | Reached skill level 1 in Transmutations
   225 | D:1      | Reached skill level 4 in Earth Magic
   225 | D:1      | Reached XP level 2. HP: 15/15 MP: 3/5
   447 | D:1      | Reached XP level 3. HP: 9/19 MP: 1/6
   868 | D:1      | Reached XP level 4. HP: 24/24 MP: 3/7
  1056 | D:1      | Learned a level 3 spell: Stone Arrow
  1059 | D:1      | Learned a level 2 spell: Passwall
  1288 | D:2      | Reached skill level 5 in Earth Magic
  1414 | D:2      | Reached skill level 1 in Conjurations
  1500 | D:2      | Found a faded altar of an unknown god.
  2214 | D:3      | Reached XP level 5. HP: 28/28 MP: 7/9
  2614 | D:3      | Identified the +1 robe of Relativism {rPois Dex+4}
  2977 | D:4      | Found a staircase to the Ecumenical Temple.
  3035 | D:4      | Noticed an ice beast
  3096 | D:4      | HP: 1/28 [ice beast (6)]
  3098 | D:4      | Killed an ice beast
  3099 | D:4      | Reached skill level 6 in Earth Magic
  3099 | D:4      | Reached XP level 6. HP: 32/32 MP: 4/10
  3157 | D:4      | Noticed Menkaure
  3267 | D:4      | Noticed Sigmund
  3274 | D:4      | Reached XP level 7. HP: 36/36 MP: 6/12
  3364 | Temple   | Entered the Ecumenical Temple
  3455 | Temple   | Became a worshipper of Vehumet
  3584 | D:4      | Found Voleyf's Assorted Antiques.
  3588 | D:4      | Killed Sigmund
  3590 | D:4      | Killed Menkaure
  3592 | D:4      | Bought a scroll labelled FECSOI XECWIJ for 31 gold pieces
  3592 | D:4      | Bought an emerald potion for 27 gold pieces
  3853 | D:4      | Reached skill level 7 in Earth Magic
  4594 | D:5      | Entered Level 5 of the Dungeon
  4609 | D:5      | Found Zaserax's Weapon Emporium.
  4615 | D:5      | Reached XP level 8. HP: 39/41 MP: 11/13
  4694 | D:5      | Found a glowing drain.
  4715 | D:5      | Reached skill level 5 in Conjurations
  4728 | Sewer    | Entered a sewer
  4803 | Sewer    | Noticed Pargi
  4809 | Sewer    | Killed Pargi
  4975 | D:5      | Learned a level 4 spell: Petrify
  5137 | D:4      | Reached skill level 8 in Earth Magic
  5180 | D:4      | Reached * piety under Vehumet
  5180 | D:4      | Offered knowledge of Foxfire by Vehumet.
  5666 | D:5      | Found a sacrificial altar of Ru.
  6138 | D:6      | Noticed Pikel
  6157 | D:6      | Killed Pikel
  6158 | D:6      | Reached skill level 9 in Earth Magic
  6158 | D:6      | Reached XP level 9. HP: 31/45 MP: 8/16
  6403 | D:6      | Reached skill level 1 in Maces & Flails
  6425 | D:6      | Reached skill level 5 in Spellcasting
  6869 | D:7      | Reached skill level 1 in Fighting
  6871 | D:7      | Noticed a cyclops
  6871 | D:7      | Noticed a freezing wraith
  7027 | D:7      | Noticed a manticore
  7075 | D:7      | Killed a manticore
  7232 | D:7      | Reached skill level 10 in Earth Magic
  7286 | D:7      | Offered knowledge of Shock by Vehumet.
  7290 | D:7      | Reached ** piety under Vehumet
  7339 | D:7      | Reached XP level 10. HP: 27/54 MP: 16/18
  7612 | D:7      | Noticed a two-headed ogre
  8388 | D:7      | Identified the ring "Orusufu" {Str+2 Int+6}
  8412 | D:7      | Noticed a cyclops
  8569 | D:7      | Killed a two-headed ogre
  8570 | D:7      | Reached skill level 5 in Transmutations
  8605 | D:7      | Noticed a two-headed ogre
  8621 | D:7      | Killed a two-headed ogre
  8622 | D:7      | Reached skill level 5 in Maces & Flails
  8682 | D:7      | Noticed an unseen horror
  8689 | D:7      | Killed an unseen horror
  8693 | D:7      | Offered knowledge of Searing Ray by Vehumet.
  8711 | D:7      | Noticed a manticore
  8717 | D:7      | Learned a level 2 spell: Searing Ray
  8750 | D:7      | Killed a manticore
  9067 | D:7      | Killed a cyclops
  9068 | D:7      | Reached XP level 11. HP: 62/62 MP: 11/20
  9096 | D:7      | Reached skill level 5 in Stealth
  9105 | D:7      | Reached *** piety under Vehumet
  9258 | D:7      | HP: 2/62 [freezing wraith (14)]
  9263 | D:6      | Slain by a freezing wraith

Illustrated notes

Levels and vault maps discovered:
D:1:      ncdulo_smallfort, layout_basic
D:2:      layout_loops_ring, shapermc_ecumenical_altar_flowoftime
D:3:      layout_rooms, grunt_ministairs_1
D:4:      layout_basic, temple_doors_e, serial_shops, shop,
          minmay_manual_monolith, uniq_sigmund, uniq_menkaure
D:5:      layout_loops_cross, nicolae_ru_path_of_blood, serial_shops,
          nicolae_shop_bloodbath_and_beyond, portal_sewer_entry_c
D:6:      layout_basic, uniq_pikel
D:7:      nzn_winding_woodlands_large [nzn_winding_woodlands_5x5_perimeter,
          nzn_winding_woodlands_5x15_default, nzn_winding_woodlands_5x5_default,
          nzn_winding_woodlands_center_diamonds,
          nzn_winding_woodlands_15x15_killbox,
          nzn_winding_woodlands_center_pierced_h,
          nzn_winding_woodlands_5x5_default,
          nzn_winding_woodlands_5x15_sidewinder,
          nzn_winding_woodlands_5x5_default], layout_basic
Temple:   minmay_crystal_spiral_temple

Skill      XL: |  1  2  3  4  5  6  7  8  9 10 11 |
---------------+----------------------------------+-----
Transmutations | 1 2 3 4 5 |  5.7
Earth Magic    | 4 5 6 7 9 10 | 10.0
Conjurations   | 1 2 3 4 6 7 |  7.0
Spellcasting   | 3 4 5 6 |  6.0
Maces & Flails | 3 6 |  6.2
Fighting       | 2 4 |  4.7
Dodging        | 3 |  3.7
Stealth        | 4 5 |  5.0

Action                   |  1- 3 |  4- 6 |  7- 9 | 10-12 || total
-------------------------+-------+-------+-------+-------++-------
Melee: Dagger            |    11 |    10 |     3 |       ||    24
       Club              |     6 |    29 |    34 |       ||    69
       Punch             |       |       |     2 |       ||     2
       Whip              |       |       |    45 |    34 ||    79
 Cast: Sandblast         |    39 |    72 |   123 |    45 ||   279
       Passwall          |       |     1 |       |       ||     1
       Stone Arrow       |       |     4 |    23 |    33 ||    60
       Petrify           |       |       |     1 |       ||     1
  Use: Potion            |       |     1 |       |     1 ||     2
       Scroll            |       |       |    17 |     4 ||    21
 Stab: Sleeping          |       |     1 |     2 |       ||     3
Armor: Robe              |    12 |    26 |    68 |    61 ||   167
Dodge: Dodged            |    25 |    33 |   136 |    77 ||   271
